 Seeded DCSS version 0.29-a0-23-ga79f92ac9c (webtiles) character file.

Game seed: 10000000000011 (custom seed)

216 knot the Chopper (level 5, 0/61 HPs)
             Began as a Demonspawn Berserker on Jan 31, 2022.
             Was a Believer of Trog.
             Succumbed to an adder's poison
             ... on level 3 of the Dungeon.
             The game lasted 00:02:27 (3210 turns).

knot the Chopper (Demonspawn Berserker)             Turns: 3210, Time: 00:02:28

Health: 0/61       AC:  2    Str: 18    XL:     5   Next: 61%
Magic:  5/5        EV: 12    Int: 10    God:    Trog [**....]
Gold:   105        SH:  0    Dex: 12    Spells: 4/4 levels left

rFire   . . .      SeeInvis .   a - +0 hand axe
rCold   . . .      Faith    .   (no shield)
rNeg    . . .      Spirit   .   b - +0 animal skin
rPois   .          Reflect  .   (no helmet)
rElec   .          Harm     .   (no cloak)
rCorr   .          Rampage  .   (no gloves)
Will    ++...                   (no boots)
Stlth   ..........              (no amulet)
HPRegen 1.20/turn               (no ring)
MPRegen 0.18/turn               (no ring)

@: berserking, lethally poisoned (0 -> -1), strong-willed, regenerating, very
quick
A: magic regeneration, demonic touch 1
a: Renounce Religion, Berserk, Trog's Hand


You were on level 3 of the Dungeon.
You worshipped Trog.
Trog was pleased with you.
You visited 1 branch of the dungeon, and saw 4 of its levels.

You collected 105 gold pieces.

Inventory:

Hand Weapons
 a - a +0 hand axe (weapon)
Missiles
 f - 68 stones (quivered)
 l - 2 poisoned darts
 p - 4 boomerangs
Armour
 b - a +0 animal skin (worn)
Jewellery
 d - an amulet of reflection
Wands
 o - a wand of polymorph (8)
Scrolls
 c - a scroll of amnesia {unknown}
 h - 2 scrolls of identify {unknown}
 m - 2 scrolls of blinking {unknown}
 n - a scroll of fog {unknown}
Potions
 e - a potion of curing {unknown}
 g - a potion of lignification {unknown}
 i - a potion of might {unknown}
 j - a potion of heal wounds {unknown}
 k - a potion of magic {unknown}


   Skills:
 - Level 3.0 Fighting
 + Level 5.8 Axes
 - Level 1.7 Armour
 - Level 1.7 Dodging


You had 4 spell levels left.
You didn't know any spells.
Your spell library contained the following spells:

 Spells                   Type           Power      Damage    Failure   Level
 Corpse Rot               Necr/Air       0%         N/A       50%         2
 Ensorcelled Hibernation  Hex/Ice        0%         N/A       50%         2
 Passwall                 Tmut/Erth      0%         N/A       50%         2
 Poisonous Vapours        Pois/Air       0%         N/A       50%         2
 Swiftness                Air            0%         N/A       75%         3


Dungeon Overview and Level Annotations

Branches:
Dungeon (4/15)             Temple (0/1) D:4

Altars:

Shops:
D:3 [

Annotations:
D:4 Duvessa


Innate Abilities, Weirdness & Mutations

You regenerate magic rapidly.
Your touch may inflict minor irresistible damage on your foes.


Message History

You closely miss the adder.
The adder is moderately wounded.
You feel sick. The adder bites you. The adder misses you.
Duvessa says, "When magic and the sword combine, nothing stands against them."
You feel sick.
You feel sick.
You feel sick.
You are no longer poisoned.
The adder closely misses you. The adder bites you. The adder barely misses you.
The adder bites you.
You are poisoned.
The adder poisons you!
You feel sick.
You feel sick.
There is a stone staircase leading up here.
You feel sick. The adder bites you.
* * * LOW HITPOINT WARNING * * *
You are more poisoned.
The adder poisons you!
You climb upwards.
* * * LOW HITPOINT WARNING * * *
You feel very sick.
There is a stone staircase leading down here.
Your skin crawls.
You feel strong-willed.
You feel sick. The adder bites you.
* * * LOW HITPOINT WARNING * * *
You are lethally poisoned!
The adder poisons you! The adder bites you.
* * * LOW HITPOINT WARNING * * *
A red film seems to cover your vision as you go berserk!
You feel yourself moving faster!
You feel mighty!
* * * LOW HITPOINT WARNING * * *
You feel very sick. The adder barely misses you.
You closely miss the adder.
The adder is lightly wounded.
You die...

##....................
#...............#.....
##....###.........###.
#....# #...#.....# #.
#....# #......)..###.
####.# #...........>.
#.# #...#.....###.
#.###...#.........
###@S.....+.........
#....###############
#....###≈≈≈≈≈≈≈≈≈≈≈≈
#......#≈...........
#......#≈...........
####...#≈..#######..
#...#≈..# #..
####...#≈..# #..
#....<.'...# #..


You could see an adder.

Vanquished Creatures
  An ogre (D:3)
  An orc priest (D:4)
  4 adders
  2 orcs (D:4)
  6 endoplasms
  2 giant cockroaches
  3 goblins
  5 hobgoblins
  14 jackals
  2 ball pythons
  7 bats
  5 frilled lizards
  3 kobolds
  5 rats
60 creatures vanquished.

Notes
Turn   | Place    | Note
-------+----------+-------------------------------------------
     0 | D:1      | knot the Demonspawn Berserker began the quest for the Orb.
     0 | D:1      | Reached XP level 1. HP: 18/18 MP: 1/1
    56 | D:1      | Reached skill level 3 in Axes
   292 | D:1      | Gained mutation: You regenerate magic rapidly. [demonic
                  | ancestry]
   292 | D:1      | Reached XP level 2. HP: 24/24 MP: 2/2
  1020 | D:2      | Reached skill level 4 in Axes
  1020 | D:2      | Gained mutation: Your touch may inflict minor irresistible
                  | damage on your foes. [demonic ancestry]
  1020 | D:2      | Reached XP level 3. HP: 26/29 MP: 3/3
  1581 | D:2      | Reached ** piety under Trog
  1713 | D:2      | Reached XP level 4. HP: 23/35 MP: 4/4
  2185 | D:3      | Found Daocsar's Antique Armour Emporium.
  2197 | D:3      | Noticed an ogre
  2209 | D:3      | Killed an ogre
  2210 | D:3      | Reached skill level 5 in Axes
  2210 | D:3      | Reached XP level 5. HP: 7/41 MP: 5/5
  3109 | D:4      | Found a staircase to the Ecumenical Temple.
  3174 | D:4      | Noticed Duvessa
  3208 | D:3      | HP: 2/41 [adder (4)]
  3210 | D:3      | Succumbed to an adder's poison

Illustrated notes

Levels and vault maps discovered:
D:1:      lordsloth_arrival_two_stooges, layout_basic, grunt_decor_fettered,
          minmay_misc_feat_diagonals, nicolae_concentric_dashed_squares_wild
D:2:      layout_rooms, hangedman_decor_clover_reticule
D:3:      layout_basic, serial_shops, shop, kennysheep_path_1
D:4:      layout_rooms, temple_doors_e, uniq_duvessa, uniq_ijyb

Skill      XL: |  1  2  3  4 |
---------------+-------------+-----
Axes           | 3 4 5 |  5.8
Fighting       | |  3.0
Armour         | |  1.7
Dodging        | |  1.7

Action                   |  1- 3 |  4- 6 || total
-------------------------+-------+-------++-------
Melee: Hand axe          |   102 |    42 ||   144
       Touch             |     8 |     8 ||    16
Throw: Stone             |       |     3 ||     3
Invok: Berserk           |     2 |     4 ||     6
       Trog's Hand       |       |     1 ||     1
 Stab: Sleeping          |     3 |     1 ||     4
Armor: Animal skin       |    24 |     5 ||    29
Dodge: Dodged            |    80 |    32 ||   112

Table legend: (Time is in decaauts)
 A = Elapsed time spent in this place.
 B = Non-inter-level travel time spent in this place.
 C = Inter-level travel time spent in this place.
 D = Time resting spent in this place.
 E = Time spent auto-exploring this place.
 F = Levels seen in this place.
 G = Mean time per level.
                   A        B        C        D        E       F      G
               +--------+--------+--------+--------+--------+-----+--------+
         Total |   3275 |   3168 |    107 |   1152 |   1575 |   4 |  818.8 |
       Dungeon |   3275 |   3168 |    107 |   1152 |   1575 |   4 |  818.8 |
               +--------+--------+--------+--------+--------+-----+--------+

Top non-repeatable levels by time:
     D:2: 1089 daAuts
     D:1: 1034 daAuts
     D:3: 888 daAuts
     D:4: 262 daAuts
